 Dungeon Crawl Stone Soup version 0.30-a0-756-gc2185399d4 (webtiles) character file.

Game seed: 10283853593991908999

679 sanka the Cudgeller (level 7, -3/43 HPs)
             Began as a Gargoyle Fighter on Feb 9, 2023.
             Slain by an iguana (10 damage)
             ... on level 5 of the Dungeon.
             The game lasted 00:06:19 (3882 turns).

sanka the Cudgeller (Gargoyle Fighter)              Turns: 3882, Time: 00:06:20

Health: -3/43      AC: 25    Str: 21    XL:     7   Next: 60%
Magic:  7/7        EV:  7    Int:  9    God:
Gold:   12         SH:  4    Dex:  9    Spells: 6/6 levels left

rFire   . . .      SeeInvis .    a - +2 flail (protect)
rCold   . . .      Faith    .    c - +0 buckler
rNeg    + . .      Spirit   .    o - +0 chain mail
rPois   ∞          Reflect  .    (no helmet)
rElec   +          Harm     .    u - +2 cloak
rCorr   .          Rampage  .    n - +0 pair of gloves
Will    .....                    (no boots) Stlth
                                 (no amulet)
HPRegen 0.27/turn                (no ring)
MPRegen 0.10/turn                (no ring)

@: under a protective aura
A: sickness immunity, AC +4, negative energy resistance 1, electricity
resistance, torment resistance 1, petrification resistance
a: no special abilities


You were on level 5 of the Dungeon.
You visited 1 branch of the dungeon, and saw 5 of its levels.

You collected 297 gold pieces.
You spent 285 gold pieces at shops.


Innate Abilities, Weirdness & Mutations

You are immune to sickness and miasma.
Your stone body is resilient. (AC +4)
You are immune to poison.
You resist negative energy. (rN+)
You are resistant to electric shocks. (rElec)
You are resistant to unholy torment.
You are immune to petrification.


   Skills:
 - Level 4.0 Fighting
 + Level 7.8 Maces & Flails
 - Level 4.0 Armour
 - Level 3.2 Shields


You had 6 spell levels left.
You didn't know any spells.
Your spell library contained the following spells:

 Spells                   Type           Power      Damage    Failure   Level
 Freeze                   Ice            0%         1d3       99%         1
 Frozen Ramparts          Ice            0%         1d1       100%        3
 Hailstorm                Conj/Ice       0%         3d3       100%        3

Inventory:

Hand Weapons
 a - a +2 flail of protection (weapon)
Armour
 c - a +0 buckler (worn)
 n - a +0 pair of gloves (worn)
 o - a +0 chain mail (worn)
 u - a +2 cloak (worn)
Scrolls
 b - 4 scrolls of enchant armour
 e - 2 scrolls of vulnerability {unknown}
 g - 2 scrolls of enchant weapon
 h - a scroll of silence {unknown}
 l - a scroll of fear
 q - 2 scrolls of poison
 v - 2 scrolls of teleportation {@r4}
Potions
 d - 2 potions of might
 f - a potion of resistance {unknown}
 i - a potion of attraction {unknown}
 j - a potion of haste {unknown}
 k - 7 potions of curing {unknown}
 m - 2 potions of lignification {unknown}
 p - a potion of brilliance {unknown}
 r - a potion of magic {unknown}
 s - 4 potions of heal wounds {unknown}

Dungeon Overview and Level Annotations

Branches:
Dungeon (5/15)
 Temple: D:4-7

Altars:
Elyvilon
Hepliaklqana
Sif Muna

Shops:
D:1 (   D:4 ?

Annotations:
D:3 1 runed translucent door, Crazy Yiuf

▒............< ▒.▒
......!...>... ▒.▒
..........▒ .▒ ▒.▒▒
..........▒ .▒ ▒..▒
..........▒▒.▒ ▒▒.▒
.............▒ ▒.▒
▒...▒........▒ ▒.▒
▒...▒...)l..▒▒ ▒.▒
▒........8..▒ ▒▒▒▒.▒
▒..........▒ ▒....▒
▒▒.▒▒.▒...▒▒▒▒▒▒.▒▒▒▒
▒.....▒..▒▒▒....▒
.............▒▒▒▒▒
.........†)......▒▒
.>................▒
...........▒▒▒...▒▒
...........▒▒▒....▒▒


You could see an iguana.


Message History

Things that are here:
a +0 club; a gnoll corpse You barely miss the gnoll.
The gnoll hits you but does no damage.
You closely miss the gnoll. The gnoll hits you but does no damage.
You hit the gnoll.
Your weapon exudes an aura of protection.
The gnoll is heavily wounded.
The gnoll closely misses you.
You barely miss the gnoll.
The gnoll is heavily wounded.
The gnoll hits you but does no damage.
You completely miss the gnoll.
The gnoll is heavily wounded.
The gnoll hits you with a +0 club!
* * * LOW HITPOINT WARNING * * *
You hit the gnoll.
The gnoll is severely wounded.
You block the iguana's attack. The gnoll hits you with a +0 club.
* * * LOW HITPOINT WARNING * * *
You hit the gnoll.
You kill the gnoll!
The iguana closely misses you.
You hit the iguana but do no damage. The iguana closely misses you.
You hit the iguana but do no damage. The iguana bites you!
You die...

Action                     |  1- 3 |  4- 6 |  7- 9 || total
---------------------------+-------+-------+-------++-------
  Melee: Flail             |   139 |   173 |    40 ||   352
    Use: Scroll            |       |     3 |       ||     3
 Armour: Scale mail        |    57 |       |       ||    57
         Chain mail        |    40 |   119 |    33 ||   192
  Dodge: Dodged            |    70 |    69 |    19 ||   158
  Block: Buckler           |    28 |    37 |     8 ||    73

Levels and vault maps discovered:
D:1:      eino_arrival_water_star, layout_basic, serial_shops, shop_statue,
          minmay_indecisive_spiral
D:2:      layout_basic, shapermc_ecumenical_altar_petra
D:3:      wander_river, layout_loops_ring, mainiacjoe_overflow_alcove_1,
          mainiacjoe_overflow_large_starburst, minmay_gold_behind_fungi,
          uniq_crazy_yiuf_cottage
D:4:      layout_cave_pools, serial_shops, shop, abandoned_shop,
          nicolae_figureground_pulse
D:5:      layout_rooms, nemelex_xobeh_ov_fountains_minmay,
          minmay_temple_entry_antechambers, uniq_menkaure

Notes
Turn   | Place    | Note
-------+----------+-------------------------------------------
     0 | D:1      | sanka the Gargoyle Fighter began the quest for the Orb.
     0 | D:1      | Reached XP level 1. HP: 14/14 MP: 1/1
   146 | D:1      | Reached XP level 2. HP: 18/20 MP: 2/2
   152 | D:1      | Reached skill level 4 in Fighting
   398 | D:1      | Found Lailouwn's Weapon Emporium.
   511 | D:1      | Reached XP level 3. HP: 24/24 MP: 3/3
  1180 | D:2      | Reached skill level 3 in Maces & Flails
  1180 | D:2      | Reached skill level 4 in Armour
  1184 | D:2      | Reached XP level 4. HP: 29/29 MP: 4/4
  1565 | D:2      | Found a faded altar of an unknown god.
  2251 | D:3      | Found a white marble altar of Elyvilon.
  2252 | D:3      | Found a shimmering blue altar of Sif Muna.
  2286 | D:3      | Found a hazy altar of Hepliaklqana.
  2436 | D:3      | Reached skill level 4 in Maces & Flails
  2436 | D:3      | Reached XP level 5. HP: 18/33 MP: 5/5
  2813 | D:3      | Found a runed translucent door.
  2814 | D:3      | Noticed Crazy Yiuf
  3057 | D:4      | Found Upso's Magic Scroll Shop.
  3233 | D:4      | Reached skill level 5 in Maces & Flails
  3251 | D:4      | Noticed a black bear
  3265 | D:4      | Noticed a phantom
  3272 | D:4      | Killed a black bear
  3273 | D:4      | Reached XP level 6. HP: 30/38 MP: 6/6
  3281 | D:4      | Reached skill level 6 in Maces & Flails
  3642 | D:4      | Bought a scroll of identify for 20 gold pieces
  3642 | D:4      | Bought a scroll of enchant armour for 75 gold pieces
  3645 | D:4      | Bought 2 scrolls of enchant armour for 150 gold pieces
  3645 | D:4      | Bought a scroll of poison for 40 gold pieces
  3661 | D:5      | Entered Level 5 of the Dungeon
  3717 | D:5      | Reached skill level 7 in Maces & Flails
  3717 | D:5      | Reached XP level 7. HP: 22/43 MP: 7/7
  3882 | D:5      | Slain by an iguana

Vanquished Creatures
  A water moccasin (D:5)
  A black bear (D:4)
  An ogre (D:5)
  A phantom (D:4)
  An orc priest (D:3)
  2 hounds
  A jelly (D:4)
  An iguana (D:4)
  3 gnolls (D:5)
  5 adders
  4 dart slugs
  A worm (D:2)
  5 orcs (D:3)
  7 bats
  10 endoplasms
  3 giant cockroaches
  9 goblins
  8 hobgoblins
  3 jackals (D:2)
  2 quokkas
  12 ball pythons
  4 frilled lizards
  6 kobolds
  6 rats
97 creatures vanquished.

Vanquished Creatures (others)
  4 toadstools (D:3)
4 creatures vanquished.

Grand Total: 101 creatures vanquished
